 Dungeon Crawl Stone Soup version 0.30-b1-2-g02819fbbbe (webtiles) character file.

Game seed: 820322109972623330

2447 funkygono the Cleaver (level 9, -11/78 HPs)
             Began as a Minotaur Fighter on May 29, 2023.
             Was a Follower of Okawaru.
             Mangled by a hornet (13 damage)
             ... on level 7 of the Dungeon.
             The game lasted 00:12:23 (6036 turns).

funkygono the Cleaver (Minotaur Fighter)            Turns: 6036, Time: 00:12:25

Health: -11/78     AC: 10    Str: 24    XL:     9   Next: 25%
Magic:  17/17      EV: 10    Int:  5    God:    Okawaru [*.....]
Gold:   326        SH:  5    Dex: 11    Spells: 8/8 levels left

rFire   . . .        a - +0 war axe
rCold   . . .        c - +0 buckler
rNeg    . . .        b - +0 scale mail
rPois   .            (helmet restricted)
rElec   .            n - +1 cloak
rCorr   .            (no gloves)
SInv    +            (no boots)
Will    .....        (no amulet) Stlth
                     i - ring of see invisible
HPRegen 0.33/turn    u - ring of magical power
MPRegen 0.15/turn

%: no passive effects
@: lethally poisoned (-11 -> -20), slowed, very slow
A: horns 2, retaliatory headbutt
a: Renounce Religion, Heroism


You were on level 7 of the Dungeon.
You worshipped Okawaru.
Okawaru was aware of your devotion.
You visited 2 branches of the dungeon, and saw 8 of its levels.
You also visited: Ossuary.

You collected 326 gold pieces.

Inventory:

Hand Weapons
 a - a +0 war axe (weapon)
Missiles
 t - 12 boomerangs (quivered)
 z - 5 poisoned darts
Armour
 b - a +0 scale mail (worn)
 c - a +0 buckler (worn)
 l - the +2 ratskin cloak {*Rats rPois rN+ Str-1 Int-1 Dex+1}
   (You found it on level 6 of the Dungeon)

   *Rats:     When the wearer is hurt, rats may emerge from it to assist them.
   Str:       It affects your strength (-1).
   Int:       It affects your intelligence (-1).
   Dex:       It affects your dexterity (+1).
   rPois:     It protects you from poison.
   rN:        It protects you from negative energy.
 n - a +1 cloak (worn)
 v - the +1 scale mail of the Jabberwock {rF+ Will- Stlth+}
   (You found it on level 4 of the Dungeon)

   rF:        It protects you from fire.
   Will:      It decreases your willpower.
   Stlth:     It makes you more stealthy.
Jewellery
 i - a ring of see invisible (left hand)
 o - a ring of ice
 u - a ring of magical power (right hand)
Wands
 g - a wand of charming (2)
 B - a wand of roots (12)
 D - a wand of flame (18)
Scrolls
 h - a scroll of vulnerability
 k - a scroll of magic mapping
 r - a scroll of fog
 x - 2 scrolls of fear
 y - 2 scrolls of teleportation
 A - a scroll of enchant weapon
 C - a scroll of butterflies
Potions
 d - a potion of magic
 e - 3 potions of attraction
 f - 2 potions of haste
 j - a potion of mutation
 m - 2 potions of brilliance
 q - a potion of curing
 s - a potion of lignification
 w - 2 potions of heal wounds


   Skills:
 + Level 6.8 Fighting
 + Level 10.1 Axes
 + Level 2.3 Throwing
 + Level 8.2 Armour
 + Level 3.0 Dodging
 + Level 0.2 Stealth
 + Level 5.4 Shields


You had 8 spell levels left.
You didn't know any spells.
Your spell library contained the following spells:

 Spells                   Type           Power      Damage    Failure   Level
 Poisonous Vapours        Pois/Air       0%         N/A       91%         2
 Frozen Ramparts          Ice            0%         1d1       99%         3
 Mephitic Cloud           Conj/Pois/Air  0%         N/A       99%         3
 Ice Form                 Ice/Tmut       0%         N/A       100%        4
 Freezing Cloud           Conj/Ice/Air   0%         6-21      100%        5
 Summon Ice Beast         Ice/Summ       Unusable   N/A       N/A         4

Dungeon Overview and Level Annotations

Branches:
Dungeon (7/15)             Temple (1/1) D:5         Ossuary (visited)

Altars:
Ashenzari
Cheibriados
Dithmenos
Fedhas
Gozag
Hepliaklqana
Kikubaaqudgha
Makhleb
Nemelex Xobeh
Okawaru
Qazlal
Ru
Sif Muna
Trog
Uskayaw
Vehumet
Wu Jian
Yredelemnul
The Shining One

Shops:
D:1 (   D:5 :   D:6 (


Innate Abilities, Weirdness & Mutations

You have a pair of horns on your head.
You reflexively headbutt those who attack you in melee.


Message History

The hornet is severely wounded.
You feel sick. The hornet stings you!
You feel as though you will be slow longer.
You block the hornet's attack.
The ice beast hits you but does no damage.
You closely miss the hornet. Your headbutt misses the hornet.
The hornet is severely wounded.
You barely miss the ice beast.
You feel sick. The hornet stings you.
You are more poisoned.
You feel as though you will be slow longer.
The ice beast hits you but does no damage.
The hornet stings you.
You feel as though you will be slow longer.
You barely miss the hornet. Your headbutt misses the hornet.
The hornet is severely wounded.
You closely miss the ice beast.
You feel very sick. The hornet stings you.
You feel as though you will be slow longer.
The ice beast hits you. The ice beast freezes you!
* * * LOW HITPOINT WARNING * * *
The hornet stings you but does no damage.
The ice beast hits you but does no damage.
You closely miss the hornet.
The hornet is severely wounded.
You hit the ice beast but do no damage.
You feel very sick.
The hornet stings you but does no damage.
The hornet stings you.
* * * LOW HITPOINT WARNING * * *
You are lethally poisoned!
You feel as though you will be slow longer.
The ice beast barely misses you.
You closely miss the hornet.
The hornet is severely wounded.
You hit the ice beast.
* * * LOW HITPOINT WARNING * * *
You feel very sick. The hornet stings you!
You die...

#........... ##
##.....).....
..###.............
.........!.........
#............[.....
##..................
....................
...................#
.......@..........#
......yY........#
................#
.##!.#######...##
#..$ ###...## #..
#....## ... #.<.##
..# #...# ##..#


You could see a hornet and an ice beast.

Vanquished Creatures
  Pikel (D:4)
  The ghost of snakesoul the Trooper, an amateur GrFi (D:4)
  A wyvern (D:5)
  An ice beast (D:7)
  3 black bears
  2 sky beasts (D:6)
  4 lemures (D:4)
  A phantom (D:6)
  An elf zombie (Ossuary)
  3 scorpions
  A centaur zombie (Ossuary)
  3 bullfrog zombies (D:4)
  2 human zombies (Ossuary)
  3 hounds
  A gnoll bouda (D:4)
  A bullfrog skeleton (D:4)
  4 iguanas
  An orc wizard (D:3)
  2 hound zombies (Ossuary)
  4 mummies
  8 gnolls
  5 adders
  An adder zombie (Ossuary)
  A worm (D:3)
  4 dart slugs
  14 orcs
  7 ball pythons
  11 bats
  7 endoplasms
  8 giant cockroaches
  2 goblins
  4 hobgoblins
  7 jackals
  7 kobolds
  4 quokkas
  8 frilled lizards
  2 gnoll zombies (Ossuary)
  4 goblin zombies (Ossuary)
  5 hobgoblin zombies
  2 jackal zombies
  3 kobold zombies (Ossuary)
  4 orc zombies (Ossuary)
  7 quokka zombies (Ossuary)
  3 rats (D:1)
  4 rat zombies (Ossuary)
172 creatures vanquished.

Notes
Turn   | Place    | Note
-------+----------+-------------------------------------------
     0 | D:1      | funkygono the Minotaur Fighter began the quest for the Orb.
     0 | D:1      | Reached XP level 1. HP: 19/19 MP: 0/0
    23 | D:1      | Found Xoexzim's Weapon Shop.
    30 | D:1      | Reached XP level 2. HP: 27/27 MP: 1/1
   354 | D:1      | Reached skill level 3 in Axes
   373 | D:1      | Reached XP level 3. HP: 32/33 MP: 2/2
   644 | D:1      | You fall into a shaft and drop 1 floor!
  1676 | D:3      | Reached XP level 4. HP: 41/41 MP: 3/3
  1901 | D:3      | Reached skill level 4 in Axes
  2065 | D:3      | Found a shimmering blue altar of Sif Muna.
  2205 | D:4      | Reached XP level 5. HP: 42/47 MP: 4/4
  2244 | D:4      | Found a sand-covered staircase.
  2255 | Ossuary  | Entered an ossuary
  2453 | Ossuary  | Reached skill level 5 in Axes
  2453 | Ossuary  | Reached XP level 6. HP: 49/55 MP: 5/5
  2536 | Ossuary  | Reached skill level 5 in Fighting
  2536 | Ossuary  | Reached skill level 6 in Axes
  2698 | D:4      | Found a transporter.
  2700 | D:4      | Noticed snakesoul's ghost (amateur GrFi)
  2868 | D:4      | Found a transporter.
  2951 | D:4      | Identified the +1 scale mail of the Jabberwock {rF+ Will-
                  | Stlth+}
  2998 | D:4      | Found a shadowy altar of Dithmenos.
  3004 | D:4      | Reached skill level 5 in Armour
  3004 | D:4      | Reached skill level 1 in Dodging
  3009 | D:4      | Noticed Pikel
  3010 | D:4      | Reached skill level 5 in Shields
  3038 | D:4      | HP: 1/56 [lemure[Pikel] (4)]
  3039 | D:4      | Killed Pikel
  3040 | D:4      | Reached skill level 7 in Axes
  3040 | D:4      | Reached XP level 7. HP: 1/62 MP: 6/6
  3335 | D:4      | Reached XP level 8. HP: 22/70 MP: 7/7
  3613 | D:4      | Found a hazy altar of Hepliaklqana.
  3769 | D:4      | Killed snakesoul's ghost
  3773 | D:4      | Reached skill level 8 in Axes
  3994 | D:5      | Entered Level 5 of the Dungeon
  4201 | D:5      | Found Muorch's Book Emporium.
  4287 | D:5      | Found a staircase to the Ecumenical Temple.
  4332 | Temple   | Entered the Ecumenical Temple
  4349 | Temple   | Became a worshipper of Warmaster Okawaru
  5162 | D:6      | Reached skill level 9 in Axes
  5333 | D:6      | Reached XP level 9. HP: 78/78 MP: 8/8
  5349 | D:6      | Found the +2 ratskin cloak {*Rats rPois rN+ Str-1 Int-1
                  | Dex+1}
  5453 | D:6      | Reached skill level 10 in Axes
  5453 | D:6      | Reached skill level 1 in Throwing
  5654 | D:6      | Found Haexawn's Antique Weapon Shoppe.
  6023 | D:7      | Reached * piety under Okawaru
  6029 | D:7      | Paralysed by a hornet for 1 turns
  6036 | D:7      | HP: 2/78 [poisoned by a hornet]
  6036 | D:7      | Mangled by a hornet

Illustrated notes

Levels and vault maps discovered:
D:1:      dpeg_arrival_prison, layout_loops_ring, serial_shops, shop,
          palyth_stone_intersect, kennysheep_small_spiral,
          chequers_serial_rivers_micro_b
D:2:      layout_basic, serial_aquarium, aquarium_bridge_square
          [aquarium_subvault_bridge, aquarium_subvault_bridge,
          aquarium_subvault_wall, aquarium_subvault_window],
          aquarium_bridge_straight [aquarium_subvault_bridge,
          aquarium_subvault_wall, aquarium_subvault_bridge,
          aquarium_subvault_wall], aquarium_window_2, aquarium_window_fake,
          aquarium_view_2b, aquarium_view_2a, minmay_misc_feat_ornament,
          chequers_serial_rivers_marsh, minmay_crystal_water
D:3:      layout_rooms, mainiacjoe_overflow_tiny_flanked, kennysheep_nub,
          amcnicky_mini_corridor_feature
D:4:      layout_cave_pools, mainiacjoe_overflow_concentric_impassable,
          mainiacjoe_overflow_cross_hatched, gammafunk_ghost_mausoleum,
          enter_ossuary_3, uniq_pikel
D:5:      layout_loops_ring, temple_green, nicolae_take_the_stairs
D:6:      layout_cave_pods, serial_shops, shop
D:7:      layout_layer_cave, uniq_menkaure
Temple:   nicolae_temple_bog_church

Skill      XL: |  1  2  3  4  5  6  7  8  9 |
---------------+----------------------------+-----
Fighting       | 4 5 6 |  6.8
Shields        | 4 5 |  5.4
Axes           | 3 4 5 7 9 10 | 10.1
Armour         | 4 6 7 8 |  8.2
Dodging        | 2 3 |  3.0
Throwing       | 2 |  2.3
Stealth        | |  0.2

Action                     |  1- 3 |  4- 6 |  7- 9 || total
---------------------------+-------+-------+-------++-------
  Melee: War axe           |    88 |   190 |   124 ||   402
         Headbutt          |    10 |    38 |    22 ||    70
  Throw: Stone             |       |     2 |    21 ||    23
         Dart              |       |       |    10 ||    10
         Boomerang         |       |       |     8 ||     8
    Use: Scroll            |     7 |     4 |     9 ||    20
         Potion            |       |     3 |     1 ||     4
 Armour: Scale mail        |    54 |   118 |    75 ||   247
  Dodge: Dodged            |    47 |    81 |    71 ||   199
  Block: Buckler           |    18 |    44 |    34 ||    96
